WCHLSIM.com - West Coast Hockey League
html PUBLIC "-//W3C//DTD XHTML 1.0 Transitional//EN" "http://www.w3.org/TR/xhtml1/DTD/xhtml1-transitional.dtd"> WCHL - Game 148 - SACRAMENTO BANDITS vs BANFF WOLVES

SACRAMENTO BANDITS vs BANFF WOLVES

Created - 4 novembre 2021 at 23:07

Goals
1 2 3 T
SACRAMENTO BANDITS 1 0 3 4
BANFF WOLVES 0 0 2 2
Shots
1 2 3 T
SACRAMENTO BANDITS 11 7 9 27
BANFF WOLVES 9 4 6 19

1st period

1. SACRAMENTO BANDITS , Aleksander Barkov 3 (Jonathan Huberdeau 7, Alexander DeBrincat 5) at 15:59

Penalties :
Niko Mikkola (SAC) for Interference (Minor) at 1:08, Jamie Benn (SAC) for Slashing (Minor) at 16:41, Andrei Vasilevskiy (SAC) for Delaying the game (Minor) at 19:10 - Jonathan Huberdeau served the penalty.

2nd period

No Goal

Penalties :
Jamie Benn (SAC) for Roughing (Minor) at 2:59

3rd period

2. BANFF WOLVES , Brady Tkachuk 5 (Alex Tuch 8, Nazem Kadri 5) at 1:40
3. SACRAMENTO BANDITS , Brock Boeser 6 (Patrik Laine 3, Filip Hronek 3) at 7:01
4. SACRAMENTO BANDITS , Aleksander Barkov 4 (Alexander DeBrincat 6, John Carlson 9) at 12:46
5. BANFF WOLVES , Jack Eichel 1 (Alex Tuch 9) at 17:56 (PP)
6. SACRAMENTO BANDITS , Jonathan Huberdeau 8 (Aleksander Barkov 12, Joel Edmundson 3) at 18:20

Penalties :
Philippe Myers (BAN) for Holding (Minor) at 1:48, Brady Tkachuk (BAN) for Holding (Minor) at 9:07, Alexander DeBrincat (SAC) for Hooking (Minor) at 16:10, Niko Mikkola (SAC) for Slashing (Double Minor) at 19:02

Goalie Stats

Andrei Vasilevskiy (SAC), 17 saves from 19 shots - (0,895), W, 7-1-0, 60:00 minutes
Jonathan Quick (BAN), 23 saves from 27 shots - (0,852), L, 4-3-1, 60:00 minutes

Players Stats for SACRAMENTO BANDITS

Player Name              G  A  P  +/- PIM S  H  SB GA TA FO     MP     PP MP  PK MP  
------------------------------------------------------------------------------------
Aleksander Barkov        2  1  3   2  0   7  0  0  0  0  14/21  17:24   1:26   0:00 
Alexander DeBrincat      0  2  2   2  2   3  3  0  0  0  0/1    18:40   1:26   0:29 
Ben Harpur               0  0  0  -1  0   0  2  0  0  0  0/0    20:18   1:17   5:34 
Brock Boeser             1  0  1   1  0   2  0  0  0  0  1/1    11:48   0:00   0:00 
Cal Clutterbuck          0  0  0   0  0   1  1  1  0  0  0/0     5:48   0:00   0:00 
Carter Verhaeghe         0  0  0   0  0   3  0  0  0  0  3/10   22:54   2:32   6:42 
Colton Sissons           0  0  0   1  0   1  0  0  0  0  7/11   13:53   0:00   3:56 
Filip Hronek             0  1  1   2  0   0  1  3  0  0  0/0    23:19   2:07   4:59 
Jamie Benn               0  0  0   0  4   4  1  0  0  0  2/2    20:38   2:32   4:28 
Joel Edmundson           0  1  1   3  0   0  1  2  0  0  0/0    25:22   1:51   5:38 
John Carlson             0  1  1   2  0   0  0  2  0  0  0/0    19:20   1:51   0:00 
Jonathan Huberdeau       1  1  2   2  0   3  1  0  0  0  0/0    17:25   1:26   0:01 
Kyle Turris              0  0  0   0  0   0  0  0  0  0  4/9     5:48   0:00   0:00 
Lars Eller               0  0  0   0  0   0  1  1  0  0  13/18  19:52   2:32   3:40 
Mattias Ekholm           0  0  0   1  0   1  0  2  0  0  0/0    12:04   0:00   4:07 
Niko Mikkola             0  0  0  -1  6   0  1  1  0  0  0/0    16:56   0:50   1:00 
Patrik Laine             0  1  1   1  0   0  0  0  0  0  0/0     9:57   0:00   0:00 
Tom Wilson               0  0  0   0  0   2  0  1  0  0  0/0     7:50   0:00   2:02 

Players Stats for BANFF WOLVES

Player Name              G  A  P  +/- PIM S  H  SB GA TA FO     MP     PP MP  PK MP  
------------------------------------------------------------------------------------
Alex Tuch                0  2  2   0  0   6  0  0  0  0  0/0    19:04   6:33   0:00 
Brady Tkachuk            1  0  1   0  2   3  3  0  0  0  0/0    19:03   6:33   0:00 
Brandon Carlo            0  0  0  -1  0   0  2  1  0  0  0/0    15:35   0:00   2:12 
Craig Smith              0  0  0  -1  0   0  0  1  0  0  0/1    19:05   5:15   1:18 
Esa Lindell              0  0  0   0  0   0  0  1  0  0  0/0    16:50   0:00   1:46 
Jack Eichel              1  0  1   0  0   3  1  1  0  0  10/19  18:54   5:44   0:01 
Joel Kiviranta           0  0  0  -2  0   2  1  0  0  0  0/0     7:18   0:00   0:07 
Kevin Labanc             0  0  0   0  0   0  1  1  0  0  0/0    17:15   4:06   0:00 
Logan O'Connor           0  0  0  -2  0   1  2  0  0  0  0/0     9:44   0:00   2:33 
Mathew Dumba             0  0  0  -2  0   1  1  3  0  0  0/0    24:06   5:24   1:46 
Mats Zuccarello          0  0  0   0  0   0  0  0  0  0  0/2    18:33   4:06   1:18 
Miro Heiskanen           0  0  0  -2  0   0  0  1  0  0  0/0    24:23   5:15   2:12 
Nazem Kadri              0  1  1   0  0   1  0  0  0  0  12/24  18:39   3:29   2:39 
Nick Cousins             0  0  0  -1  0   2  0  0  0  0  3/14   13:58   1:26   0:00 
Philippe Myers           0  0  0  -1  2   0  2  0  0  0  0/0    13:22   0:00   0:00 
Phillip DiGiuseppe       0  0  0  -1  0   0  1  0  0  0  0/0    12:32   0:00   0:00 
Ryan Suter               0  0  0   0  0   0  1  1  0  0  0/0    20:28   5:24   0:00 
Tanner Kero              0  0  0  -2  0   0  0  0  0  0  4/13    7:11   0:00   0:00 

3 Stars

1 - Aleksander Barkov (SAC)
2 - Jonathan Huberdeau (SAC)
3 - Alexander DeBrincat (SAC)

Power Play

SACRAMENTO BANDITS - 0 on 2 Attempt(s) - 0,00%
BANFF WOLVES - 1 on 7 Attempt(s) - 14,29%

Penalty Kill

SACRAMENTO BANDITS - 6 on 7 Attempt(s) - 85,71% - Score 0 goal in Penalty Kill
BANFF WOLVES - 2 on 2 Attempt(s) - 100,00% - Score 0 goal in Penalty Kill

Team Stat

SACRAMENTO BANDITS - Hits : 12 - Faceoff Wins : 44 - Blocked Shots : 13 - Penalty Minutes : 14
BANFF WOLVES - Hits : 15 - Faceoff Wins : 29 - Blocked Shots : 10 - Penalty Minutes : 4

Official

Referees : Stephen Hiff and Tim Peel
Linesman : Shaun Morgan and Kory Nagy

Game Notes

Mattias Ekholm is injured at 11:19 of 2nd period (Sprained Right Finger)

Finance

Level 1 -- Attendance: 4285 (60,78%) -- Ticket Income 857 000 $
Level 2 -- Attendance: 2989 (50,18%) -- Ticket Income 448 350 $
Level 3 -- Attendance: 1570 (67,09%) -- Ticket Income 157 000 $
Level 4 -- Attendance: 4368 (87,36%) -- Ticket Income 218 400 $
Luxury Box -- Attendance: 954 (89,58%) -- Ticket Income 190 800 $
Game was played at the Rocky Mountains Sports Complex.
Total Attendance: 14166 (66,16%)
Total Ticket Income: 1 871 550 $
Other Expense: 18 716 $
Total Income: 1 852 834 $

SACRAMENTO BANDITS

5 vs 5 Forward 
   Center                   Left Wing                Right Wing               Time % Phy DF OF 
 1 Aleksander Barkov        Jonathan Huberdeau       Alexander DeBrincat      36     1   2  2  
 2 Lars Eller               Jamie Benn               Carter Verhaeghe         31     1   2  2  
 3 Colton Sissons           Patrik Laine             Brock Boeser             23     1   2  2  
 4 Kyle Turris              Cal Clutterbuck          Tom Wilson               10     1   2  2  

5 vs 5 Defense 
   Defense                  Defense                                           Time % Phy DF OF 
 1 John Carlson             Joel Edmundson                                    36     1   2  2  
 2 Filip Hronek             Mattias Ekholm                                    31     1   2  2  
 3 Ben Harpur               Niko Mikkola                                      23     1   2  2  
 4 John Carlson             Joel Edmundson                                    10     1   2  2  

PowerPlay Forward 
   Center                   Left Wing                Right Wing               Time % Phy DF OF 
 1 Aleksander Barkov        Jonathan Huberdeau       Alexander DeBrincat      55     1   2  2  
 2 Lars Eller               Jamie Benn               Carter Verhaeghe         45     1   2  2  

PowerPlay Defense
   Defense                  Defense                                           Time % Phy DF OF 
 1 John Carlson             Joel Edmundson                                    55     1   2  2  
 2 Filip Hronek             Ben Harpur                                        45     1   2  2  

Penalty Kill 4 Players Forward 
   Center                   Wing                     Time % Phy DF OF 
 1 Carter Verhaeghe         Jamie Benn               55     1   2  2  
 2 Lars Eller               Colton Sissons           45     1   2  2  

Penalty Kill 4 Players Defense
   Defense                  Defense                  Time % Phy DF OF 
 1 Mattias Ekholm           Joel Edmundson           55     1   2  2  
 2 Filip Hronek             Ben Harpur               45     1   2  2  

Penalty Kill - 3 Players Forward 
   Forward                                           Time % Phy DF OF 
 1 Lars Eller                                        55     1   2  2  
 2 Colton Sissons                                    45     1   2  2  

Penalty Kill - 3 Players Defense
   Defense                  Defense                  Time % Phy DF OF 
 1 Mattias Ekholm           Joel Edmundson           55     1   2  2  
 2 Filip Hronek             Ben Harpur               45     1   2  2  

4 vs 4 Forward 
   Center                   Wing                     Time % Phy DF OF 
 1 Aleksander Barkov        Jonathan Huberdeau       55     1   2  2  
 2 Jamie Benn               Lars Eller               45     1   2  2  

4 vs 4 Defense
   Defense                  Defense                  Time % Phy DF OF 
 1 John Carlson             Joel Edmundson           55     1   2  2  
 2 Filip Hronek             Ben Harpur               45     1   2  2  

Last Minutes Offensive
   Center                   Left Wing                Right Wing               Defense                  Defense                  
   Aleksander Barkov        Jonathan Huberdeau       Alexander DeBrincat      John Carlson             Joel Edmundson           

Last Minutes Defensive
   Center                   Left Wing                Right Wing               Defense                  Defense                  
   Aleksander Barkov        Jonathan Huberdeau       Alexander DeBrincat      John Carlson             Joel Edmundson           

Goaltenders
Starting : Andrei Vasilevskiy       
Backup : Keith Kinkaid            

Extra Forwards
Normal : Cal Clutterbuck, Brock Boeser, Tom Wilson - PP : Cal Clutterbuck, Brock Boeser - PK : Tom Wilson
Extra Defensemen
Normal : Mattias Ekholm, Niko Mikkola, Filip Hronek - PP : Mattias Ekholm - PK : Niko Mikkola, Filip Hronek
Penalty Shots
Aleksander Barkov, Jonathan Huberdeau, Jamie Benn, Lars Eller, Alexander DeBrincat
Custom OT Lines Forwards
Aleksander Barkov, Jonathan Huberdeau, Jamie Benn, Lars Eller, Alexander DeBrincat, Carter Verhaeghe, Brock Boeser, Tom Wilson, Colton Sissons, Patrik Laine
Custom OT Lines Defensemen
John Carlson, Mattias Ekholm, Filip Hronek, Ben Harpur, Joel Edmundson

Scratches
Filip Gustavsson (Bruised Left Shoulder Injury)

BANFF WOLVES

5 vs 5 Forward 
   Center                   Left Wing                Right Wing               Time % Phy DF OF 
 1 Nazem Kadri              Brady Tkachuk            Alex Tuch                30     1   2  2  
 2 Jack Eichel              Kevin Labanc             Mats Zuccarello          30     1   2  2  
 3 Nick Cousins             Phillip DiGiuseppe       Craig Smith              28     1   2  2  
 4 Tanner Kero              Joel Kiviranta           Logan O'Connor           12     1   2  2  

5 vs 5 Defense 
   Defense                  Defense                                           Time % Phy DF OF 
 1 Miro Heiskanen           Mathew Dumba                                      37     1   2  2  
 2 Ryan Suter               Esa Lindell                                       31     1   2  2  
 3 Brandon Carlo            Philippe Myers                                    27     1   2  2  
 4 Ryan Suter               Esa Lindell                                       5      1   2  2  

PowerPlay Forward 
   Center                   Left Wing                Right Wing               Time % Phy DF OF 
 1 Jack Eichel              Brady Tkachuk            Alex Tuch                55     1   2  2  
 2 Nazem Kadri              Kevin Labanc             Mats Zuccarello          45     1   2  2  

PowerPlay Defense
   Defense                  Defense                                           Time % Phy DF OF 
 1 Miro Heiskanen           Craig Smith                                       55     1   2  2  
 2 Ryan Suter               Mathew Dumba                                      45     1   2  2  

Penalty Kill 4 Players Forward 
   Center                   Wing                     Time % Phy DF OF 
 1 Nazem Kadri              Logan O'Connor           55     1   2  2  
 2 Mats Zuccarello          Craig Smith              45     1   2  2  

Penalty Kill 4 Players Defense
   Defense                  Defense                  Time % Phy DF OF 
 1 Mathew Dumba             Esa Lindell              55     1   2  2  
 2 Miro Heiskanen           Brandon Carlo            45     1   2  2  

Penalty Kill - 3 Players Forward 
   Forward                                           Time % Phy DF OF 
 1 Logan O'Connor                                    55     1   2  2  
 2 Craig Smith                                       45     1   2  2  

Penalty Kill - 3 Players Defense
   Defense                  Defense                  Time % Phy DF OF 
 1 Mathew Dumba             Esa Lindell              55     1   2  2  
 2 Miro Heiskanen           Brandon Carlo            45     1   2  2  

4 vs 4 Forward 
   Center                   Wing                     Time % Phy DF OF 
 1 Jack Eichel              Alex Tuch                55     1   2  2  
 2 Nick Cousins             Craig Smith              45     1   2  2  

4 vs 4 Defense
   Defense                  Defense                  Time % Phy DF OF 
 1 Miro Heiskanen           Esa Lindell              55     1   2  2  
 2 Ryan Suter               Mathew Dumba             45     1   2  2  

Last Minutes Offensive
   Center                   Left Wing                Right Wing               Defense                  Defense                  
   Nazem Kadri              Brady Tkachuk            Alex Tuch                Ryan Suter               Esa Lindell              

Last Minutes Defensive
   Center                   Left Wing                Right Wing               Defense                  Defense                  
   Nazem Kadri              Brady Tkachuk            Alex Tuch                Ryan Suter               Esa Lindell              

Goaltenders
Starting : Jonathan Quick           
Backup : Ilya Samsonov            

Extra Forwards
Normal : Nick Cousins, Joel Kiviranta, Logan O'Connor - PP : Nick Cousins, Joel Kiviranta - PK : Logan O'Connor
Extra Defensemen
Normal : Brandon Carlo, Philippe Myers, Miro Heiskanen - PP : Brandon Carlo - PK : Philippe Myers, Miro Heiskanen
Penalty Shots
Alex Tuch, Nazem Kadri, Mats Zuccarello, Craig Smith, Jack Eichel
Custom OT Lines Forwards
Alex Tuch, Nazem Kadri, Mats Zuccarello, Craig Smith, Jack Eichel, Brady Tkachuk, Kevin Labanc, Nick Cousins, Joel Kiviranta, Logan O'Connor
Custom OT Lines Defensemen
Ryan Suter, Esa Lindell, Miro Heiskanen, Mathew Dumba, Brandon Carlo

Scratches
Roope Hintz (Bruised Left Foot Injury)

% Time on Ice - SACRAMENTO BANDITS

Lines # - Real PCT - Wanted PCT - Time Play
Normal Forward
1 - 35% - 36% - 15:58
2 - 30% - 31% - 13:40
3 - 22% - 23% - 9:57
4 - 13% - 10% - 5:48
Normal Defense
1 - 36% - 36% - 16:12
2 - 36% - 31% - 16:21
3 - 23% - 23% - 10:13
4 - 6% - 10% - 2:37
PP Forward
1 - 36% - 55% - 1:26
2 - 64% - 45% - 2:32
PP Defense
1 - 47% - 55% - 1:51
2 - 53% - 45% - 2:07
PK Forward
1 - 66% - 55% - 6:59
2 - 34% - 45% - 3:40
PK Defense
1 - 55% - 55% - 5:51
2 - 45% - 45% - 4:48
PK3 Forward
1 - 0% - 55%
2 - 0% - 45%
PK3 Defense
1 - 0% - 55%
2 - 0% - 45%
44 Forward
1 - 0% - 55%
2 - 0% - 45%
44 Defense
1 - 0% - 55%
2 - 0% - 45%
Last Minute Offensive  - 0:00
Last Minute Defensive  - 0:00
Total
Forward - 60:00
Defense - 60:00

% Time on Ice - BANFF WOLVES

Lines # - Real PCT - Wanted PCT - Time Play
Normal Forward
1 - 28% - 30% - 12:31
2 - 29% - 30% - 13:09
3 - 28% - 28% - 12:32
4 - 16% - 12% - 7:11
Normal Defense
1 - 37% - 37% - 16:56
2 - 32% - 31% - 14:23
3 - 29% - 27% - 13:23
4 - 2% - 5% - 0:41
PP Forward
1 - 62% - 55% - 6:33
2 - 38% - 45% - 4:06
PP Defense
1 - 49% - 55% - 5:15
2 - 51% - 45% - 5:24
PK Forward
1 - 67% - 55% - 2:40
2 - 33% - 45% - 1:18
PK Defense
1 - 45% - 55% - 1:46
2 - 55% - 45% - 2:12
PK3 Forward
1 - 0% - 55%
2 - 0% - 45%
PK3 Defense
1 - 0% - 55%
2 - 0% - 45%
44 Forward
1 - 0% - 55%
2 - 0% - 45%
44 Defense
1 - 0% - 55%
2 - 0% - 45%
Last Minute Offensive  - 0:00
Last Minute Defensive  - 0:00
Total
Forward - 60:00
Defense - 60:00

Play-by-Play

1st period


0:01 of 1st period - Aleksander Barkov wins face-off versus Nazem Kadri in neutral zone.
0:12 of 1st period - Shot by Aleksander Barkov.
0:12 of 1st period - Shot Hit the Post.
0:14 of 1st period - Shot by Jonathan Huberdeau.
0:14 of 1st period - Deflect By Aleksander Barkov.
0:14 of 1st period - Shot Misses the Net.
0:22 of 1st period - Shot by Alexander DeBrincat.
0:22 of 1st period - Stopped by Jonathan Quick without a rebound.
0:23 of 1st period - Lars Eller wins face-off versus Jack Eichel in BANFF WOLVES zone.
0:34 of 1st period - Shot by Jamie Benn.
0:34 of 1st period - Stopped by Jonathan Quick with a rebound.
0:40 of 1st period - Jamie Benn is hit by Jack Eichel and loses puck.
0:51 of 1st period - Shot by Mats Zuccarello.
0:51 of 1st period - Deflect By Jack Eichel.
0:51 of 1st period - Stopped by Andrei Vasilevskiy without a rebound.
0:52 of 1st period - Colton Sissons wins face-off versus Nick Cousins in SACRAMENTO BANDITS zone.
1:03 of 1st period - Shot by Nick Cousins.
1:03 of 1st period - Shot Misses the Net.
1:08 of 1st period - Minor Penalty to Niko Mikkola for Interference.
1:09 of 1st period - Jack Eichel wins face-off versus Carter Verhaeghe in SACRAMENTO BANDITS zone.
2:45 of 1st period - Shot by Nazem Kadri.
2:45 of 1st period - Stopped by Andrei Vasilevskiy with a rebound.
2:47 of 1st period - Shot by Miro Heiskanen.
2:47 of 1st period - Shot Misses the Net.
2:49 of 1st period - Shot by Mats Zuccarello.
2:49 of 1st period - Shot Blocked by Filip Hronek.
2:51 of 1st period - Shot by Miro Heiskanen.
2:51 of 1st period - Shot Misses the Net.
3:13 of 1st period - Icing by Philippe Myers.
3:14 of 1st period - Tanner Kero wins face-off versus Aleksander Barkov in BANFF WOLVES zone.
3:44 of 1st period - Shot by Logan O'Connor.
3:44 of 1st period - Stopped by Andrei Vasilevskiy with a rebound.
3:46 of 1st period - Shot by Tanner Kero.
3:46 of 1st period - Shot Misses the Net.
4:08 of 1st period - Shot by Craig Smith.
4:08 of 1st period - Shot Blocked by Joel Edmundson.
4:10 of 1st period - Shot by Nick Cousins.
4:10 of 1st period - Stopped by Andrei Vasilevskiy without a rebound.
4:11 of 1st period - Nazem Kadri wins face-off versus Colton Sissons in SACRAMENTO BANDITS zone.
4:50 of 1st period - Shot by Nazem Kadri.
4:50 of 1st period - Shot Misses the Net.
4:52 of 1st period - Shot by Alex Tuch.
4:52 of 1st period - Shot Blocked by Filip Hronek.
4:54 of 1st period - Shot by Alex Tuch.
4:54 of 1st period - Deflect By Brady Tkachuk.
4:54 of 1st period - Shot Blocked by Filip Hronek.
5:19 of 1st period - Off-side.
5:20 of 1st period - Lars Eller wins face-off versus Nick Cousins in neutral zone.
5:34 of 1st period - Jamie Benn is hit by Philippe Myers and loses puck.
5:49 of 1st period - Shot by Carter Verhaeghe.
5:49 of 1st period - Stopped by Jonathan Quick without a rebound.
5:50 of 1st period - Jack Eichel wins face-off versus Aleksander Barkov in BANFF WOLVES zone.
6:06 of 1st period - Icing by John Carlson.
6:07 of 1st period - Aleksander Barkov wins face-off versus Nazem Kadri in SACRAMENTO BANDITS zone.
6:16 of 1st period - Shot by Aleksander Barkov.
6:16 of 1st period - Stopped by Jonathan Quick without a rebound.
6:17 of 1st period - Lars Eller wins face-off versus Jack Eichel in BANFF WOLVES zone.
6:24 of 1st period - Shot by Jamie Benn.
6:24 of 1st period - Stopped by Jonathan Quick with a rebound.
6:26 of 1st period - Shot by Ben Harpur.
6:26 of 1st period - Shot Blocked by Miro Heiskanen.
6:40 of 1st period - Shot by Jamie Benn.
6:40 of 1st period - Shot Misses the Net.
6:54 of 1st period - Shot by Carter Verhaeghe.
6:54 of 1st period - Shot Misses the Net.
6:56 of 1st period - Shot by Carter Verhaeghe.
6:56 of 1st period - Shot Blocked by Kevin Labanc.
6:58 of 1st period - Shot by Lars Eller.
6:58 of 1st period - Shot Blocked by Mathew Dumba.
7:16 of 1st period - Shot by Tom Wilson.
7:16 of 1st period - Shot Misses the Net.
8:45 of 1st period - Icing by Miro Heiskanen.
8:46 of 1st period - Jack Eichel wins face-off versus Lars Eller in BANFF WOLVES zone.
10:18 of 1st period - Shot by Brady Tkachuk.
10:18 of 1st period - Stopped by Andrei Vasilevskiy without a rebound.
10:19 of 1st period - Tanner Kero wins face-off versus Alexander DeBrincat in SACRAMENTO BANDITS zone.
10:46 of 1st period - Jonathan Huberdeau is hit by Brandon Carlo and loses puck.
10:54 of 1st period - Aleksander Barkov is hit by Philippe Myers and loses puck.
11:14 of 1st period - Icing by Philippe Myers.
11:15 of 1st period - Lars Eller wins face-off versus Tanner Kero in BANFF WOLVES zone.
11:16 of 1st period - Shot by Carter Verhaeghe.
11:16 of 1st period - Shot Blocked by Brandon Carlo.
11:34 of 1st period - Shot by Jamie Benn.
11:34 of 1st period - Deflect By Carter Verhaeghe.
11:34 of 1st period - Stopped by Jonathan Quick without a rebound.
11:35 of 1st period - Colton Sissons wins face-off versus Nazem Kadri in BANFF WOLVES zone.
11:40 of 1st period - Shot by Colton Sissons.
11:40 of 1st period - Shot Misses the Net.
11:45 of 1st period - Brady Tkachuk is hit by Ben Harpur and loses puck.
11:57 of 1st period - Nazem Kadri is hit by Niko Mikkola and loses puck.
12:00 of 1st period - Shot by Alex Tuch.
12:00 of 1st period - Stopped by Andrei Vasilevskiy without a rebound.
12:01 of 1st period - Jamie Benn wins face-off versus Nick Cousins in SACRAMENTO BANDITS zone.
12:10 of 1st period - Shot by Craig Smith.
12:10 of 1st period - Shot Misses the Net.
12:17 of 1st period - Icing by Jamie Benn.
12:18 of 1st period - Lars Eller wins face-off versus Nazem Kadri in SACRAMENTO BANDITS zone.
12:26 of 1st period - Off-side.
12:27 of 1st period - Nazem Kadri wins face-off versus Aleksander Barkov in neutral zone.
13:03 of 1st period - Shot by Alex Tuch.
13:03 of 1st period - Stopped by Andrei Vasilevskiy without a rebound.
13:04 of 1st period - Jamie Benn wins face-off versus Nick Cousins in SACRAMENTO BANDITS zone.
14:06 of 1st period - Shot by Alexander DeBrincat.
14:06 of 1st period - Stopped by Jonathan Quick with a rebound.
14:12 of 1st period - Shot by Aleksander Barkov.
14:12 of 1st period - Deflect By Jonathan Huberdeau.
14:12 of 1st period - Stopped by Jonathan Quick without a rebound.
14:13 of 1st period - Kyle Turris wins face-off versus Nazem Kadri in BANFF WOLVES zone.
14:23 of 1st period - Icing by Esa Lindell.
14:24 of 1st period - Colton Sissons wins face-off versus Nazem Kadri in BANFF WOLVES zone.
15:11 of 1st period - Off-side.
15:12 of 1st period - Aleksander Barkov wins face-off versus Jack Eichel in neutral zone.
15:35 of 1st period - Shot by Jonathan Huberdeau.
15:35 of 1st period - Stopped by Jonathan Quick without a rebound.
15:36 of 1st period - Kyle Turris wins face-off versus Tanner Kero in BANFF WOLVES zone.
15:41 of 1st period - Shot by Tom Wilson.
15:41 of 1st period - Stopped by Jonathan Quick without a rebound.
15:42 of 1st period - Aleksander Barkov wins face-off versus Nick Cousins in BANFF WOLVES zone.
15:57 of 1st period - Shot by Jonathan Huberdeau.
15:57 of 1st period - Shot Blocked by Craig Smith.
15:59 of 1st period - Shot by Aleksander Barkov.
15:59 of 1st period - Goal by Aleksander Barkov - SACRAMENTO BANDITS : 1 - BANFF WOLVES : 0.
16:00 of 1st period - Lars Eller wins face-off versus Nazem Kadri in neutral zone.
16:41 of 1st period - Minor Penalty to Jamie Benn for Slashing.
16:42 of 1st period - Lars Eller wins face-off versus Nazem Kadri in SACRAMENTO BANDITS zone.
17:07 of 1st period - Shot by Mats Zuccarello.
17:07 of 1st period - Deflect By Nazem Kadri.
17:07 of 1st period - Shot Misses the Net.
18:03 of 1st period - Shot by Mathew Dumba.
18:03 of 1st period - Stopped by Andrei Vasilevskiy without a rebound.
18:04 of 1st period - Carter Verhaeghe wins face-off versus Nick Cousins in SACRAMENTO BANDITS zone.
18:30 of 1st period - Icing by Kevin Labanc.
18:31 of 1st period - Carter Verhaeghe wins face-off versus Nick Cousins in BANFF WOLVES zone.
18:42 of 1st period - Shot by Joel Kiviranta.
18:42 of 1st period - Shot Misses the Net.
19:10 of 1st period - Shot by Joel Kiviranta.
19:10 of 1st period - Stopped by Andrei Vasilevskiy without a rebound.
19:10 of 1st period - Minor Penalty to Andrei Vasilevskiy for Delaying the game.
19:11 of 1st period - Colton Sissons wins face-off versus Jack Eichel in SACRAMENTO BANDITS zone.
Goals for this period are 1 for SACRAMENTO BANDITS vs 0 for BANFF WOLVES.
Shots for this period are 11 for SACRAMENTO BANDITS vs 9 for BANFF WOLVES.

2nd period


0:01 of 2nd period - Jack Eichel wins face-off versus Carter Verhaeghe in neutral zone.
1:27 of 2nd period - Icing by Ben Harpur.
1:28 of 2nd period - Aleksander Barkov wins face-off versus Jack Eichel in SACRAMENTO BANDITS zone.
1:46 of 2nd period - Icing by Ryan Suter.
1:47 of 2nd period - Colton Sissons wins face-off versus Mats Zuccarello in BANFF WOLVES zone.
1:51 of 2nd period - Icing by Esa Lindell.
1:52 of 2nd period - Jack Eichel wins face-off versus Colton Sissons in BANFF WOLVES zone.
2:28 of 2nd period - Shot by Mats Zuccarello.
2:28 of 2nd period - Shot Blocked by John Carlson.
2:59 of 2nd period - Minor Penalty to Jamie Benn for Roughing.
3:00 of 2nd period - Carter Verhaeghe wins face-off versus Nick Cousins in SACRAMENTO BANDITS zone.
3:00 of 2nd period - Carter Verhaeghe is hit by Brady Tkachuk.
3:34 of 2nd period - Shot by Alex Tuch.
3:34 of 2nd period - Shot Blocked by Lars Eller.
4:53 of 2nd period - Shot by Alex Tuch.
4:53 of 2nd period - Stopped by Andrei Vasilevskiy with a rebound.
5:05 of 2nd period - Shot by Jonathan Huberdeau.
5:05 of 2nd period - Shot Misses the Net.
5:11 of 2nd period - Shot by Aleksander Barkov.
5:11 of 2nd period - Stopped by Jonathan Quick without a rebound.
5:12 of 2nd period - Aleksander Barkov wins face-off versus Tanner Kero in BANFF WOLVES zone.
5:17 of 2nd period - Shot by Aleksander Barkov.
5:17 of 2nd period - Shot Misses the Net.
5:19 of 2nd period - Shot by Mattias Ekholm.
5:19 of 2nd period - Stopped by Jonathan Quick without a rebound.
5:20 of 2nd period - Tanner Kero wins face-off versus Aleksander Barkov in BANFF WOLVES zone.
5:20 of 2nd period - Tanner Kero is hit by Alexander DeBrincat.
5:47 of 2nd period - Shot by Aleksander Barkov.
5:47 of 2nd period - Stopped by Jonathan Quick without a rebound.
5:48 of 2nd period - Lars Eller wins face-off versus Jack Eichel in BANFF WOLVES zone.
6:05 of 2nd period - Shot by Jack Eichel.
6:05 of 2nd period - Stopped by Andrei Vasilevskiy without a rebound.
6:06 of 2nd period - Nazem Kadri wins face-off versus Aleksander Barkov in SACRAMENTO BANDITS zone.
6:07 of 2nd period - Shot by Alex Tuch.
6:07 of 2nd period - Shot Misses the Net.
6:10 of 2nd period - Icing by Ben Harpur.
6:11 of 2nd period - Aleksander Barkov wins face-off versus Nick Cousins in SACRAMENTO BANDITS zone.
6:22 of 2nd period - Shot by Alexander DeBrincat.
6:22 of 2nd period - Shot Blocked by Mathew Dumba.
7:05 of 2nd period - Miro Heiskanen is hit by Joel Edmundson and loses puck.
8:13 of 2nd period - Shot by Colton Sissons.
8:13 of 2nd period - Stopped by Jonathan Quick without a rebound.
8:14 of 2nd period - Nazem Kadri wins face-off versus Aleksander Barkov in BANFF WOLVES zone.
8:38 of 2nd period - Icing by Brandon Carlo.
8:39 of 2nd period - Nazem Kadri wins face-off versus Colton Sissons in BANFF WOLVES zone.
9:04 of 2nd period - Icing by Nazem Kadri.
9:05 of 2nd period - Nazem Kadri wins face-off versus Lars Eller in BANFF WOLVES zone.
9:58 of 2nd period - Shot by Jack Eichel.
9:58 of 2nd period - Shot Misses the Net.
10:50 of 2nd period - Shot by Tanner Kero.
10:50 of 2nd period - Shot Misses the Net.
10:52 of 2nd period - Shot by Tanner Kero.
10:52 of 2nd period - Shot Misses the Net.
11:11 of 2nd period - Shot by Alex Tuch.
11:11 of 2nd period - Shot Misses the Net.
11:13 of 2nd period - Shot by Alex Tuch.
11:13 of 2nd period - Shot Misses the Net.
11:15 of 2nd period - Shot by Nazem Kadri.
11:15 of 2nd period - Shot Blocked by Mattias Ekholm.
11:17 of 2nd period - Shot by Alex Tuch.
11:17 of 2nd period - Stopped by Andrei Vasilevskiy with a rebound.
11:19 of 2nd period - Shot by Brandon Carlo.
11:19 of 2nd period - Shot Blocked by Mattias Ekholm.
11:19 of 2nd period - Mattias Ekholm from SACRAMENTO BANDITS is injured at 11:19 of 2nd period (Sprained Right Finger).
11:20 of 2nd period - Nazem Kadri wins face-off versus Kyle Turris in SACRAMENTO BANDITS zone.
11:21 of 2nd period - Shot by Brady Tkachuk.
11:21 of 2nd period - Shot Blocked by Tom Wilson.
11:46 of 2nd period - Shot by Cal Clutterbuck.
11:46 of 2nd period - Stopped by Jonathan Quick with a rebound.
11:48 of 2nd period - Shot by Tom Wilson.
11:48 of 2nd period - Stopped by Jonathan Quick with a rebound.
11:50 of 2nd period - Shot by Cal Clutterbuck.
11:50 of 2nd period - Shot Blocked by Esa Lindell.
12:16 of 2nd period - Shot by Jamie Benn.
12:16 of 2nd period - Stopped by Jonathan Quick without a rebound.
12:17 of 2nd period - Brock Boeser wins face-off versus Jack Eichel in BANFF WOLVES zone.
13:20 of 2nd period - Shot by Nick Cousins.
13:20 of 2nd period - Stopped by Andrei Vasilevskiy without a rebound.
13:21 of 2nd period - Lars Eller wins face-off versus Tanner Kero in SACRAMENTO BANDITS zone.
13:21 of 2nd period - Jamie Benn is hit by Joel Kiviranta and loses puck.
13:30 of 2nd period - Joel Kiviranta is hit by Lars Eller and loses puck.
13:46 of 2nd period - Carter Verhaeghe is hit by Brandon Carlo and loses puck.
13:52 of 2nd period - Icing by Logan O'Connor.
13:53 of 2nd period - Aleksander Barkov wins face-off versus Tanner Kero in BANFF WOLVES zone.
14:06 of 2nd period - Icing by Philippe Myers.
14:07 of 2nd period - Kyle Turris wins face-off versus Tanner Kero in BANFF WOLVES zone.
15:34 of 2nd period - Icing by Cal Clutterbuck.
15:35 of 2nd period - Jack Eichel wins face-off versus Kyle Turris in SACRAMENTO BANDITS zone.
15:48 of 2nd period - Mats Zuccarello is hit by Cal Clutterbuck and loses puck.
16:14 of 2nd period - Shot by Jack Eichel.
16:14 of 2nd period - Shot Blocked by Niko Mikkola.
18:56 of 2nd period - Carter Verhaeghe is hit by Ryan Suter and loses puck.
19:39 of 2nd period - Off-side.
19:40 of 2nd period - Aleksander Barkov wins face-off versus Tanner Kero in neutral zone.
19:51 of 2nd period - Shot by Aleksander Barkov.
19:51 of 2nd period - Shot Misses the Net.
Goals for this period are 0 for SACRAMENTO BANDITS vs 0 for BANFF WOLVES.
Shots for this period are 7 for SACRAMENTO BANDITS vs 4 for BANFF WOLVES.

3rd period


0:01 of 3rd period - Colton Sissons wins face-off versus Craig Smith in neutral zone.
0:08 of 3rd period - Shot by Brock Boeser.
0:08 of 3rd period - Shot Blocked by Mathew Dumba.
0:43 of 3rd period - Icing by Mathew Dumba.
0:44 of 3rd period - Aleksander Barkov wins face-off versus Nick Cousins in BANFF WOLVES zone.
1:13 of 3rd period - Alex Tuch is hit by Jonathan Huberdeau and loses puck.
1:38 of 3rd period - Shot by Alex Tuch.
1:38 of 3rd period - Shot Misses the Net.
1:40 of 3rd period - Shot by Alex Tuch.
1:40 of 3rd period - Deflect By Brady Tkachuk.
1:40 of 3rd period - Goal by Brady Tkachuk - SACRAMENTO BANDITS : 1 - BANFF WOLVES : 1.
1:41 of 3rd period - Jack Eichel wins face-off versus Lars Eller in neutral zone.
1:41 of 3rd period - Jack Eichel is hit by Jamie Benn.
1:48 of 3rd period - Minor Penalty to Philippe Myers for Holding.
1:49 of 3rd period - Nazem Kadri wins face-off versus Carter Verhaeghe in BANFF WOLVES zone.
1:55 of 3rd period - Icing by John Carlson.
1:56 of 3rd period - Lars Eller wins face-off versus Nazem Kadri in SACRAMENTO BANDITS zone.
2:11 of 3rd period - Shot by Carter Verhaeghe.
2:11 of 3rd period - Stopped by Jonathan Quick with a rebound.
2:13 of 3rd period - Shot by Jamie Benn.
2:13 of 3rd period - Stopped by Jonathan Quick without a rebound.
2:14 of 3rd period - Nazem Kadri wins face-off versus Aleksander Barkov in BANFF WOLVES zone.
2:29 of 3rd period - Shot by Alexander DeBrincat.
2:29 of 3rd period - Stopped by Jonathan Quick without a rebound.
2:30 of 3rd period - Lars Eller wins face-off versus Mats Zuccarello in BANFF WOLVES zone.
3:01 of 3rd period - Shot by Jamie Benn.
3:01 of 3rd period - Shot Misses the Net.
4:58 of 3rd period - Icing by Mathew Dumba.
4:59 of 3rd period - Nick Cousins wins face-off versus Lars Eller in BANFF WOLVES zone.
5:34 of 3rd period - Shot by Alex Tuch.
5:34 of 3rd period - Stopped by Andrei Vasilevskiy with a rebound.
5:48 of 3rd period - Shot by Alex Tuch.
5:48 of 3rd period - Shot Misses the Net.
5:50 of 3rd period - Shot by Nazem Kadri.
5:50 of 3rd period - Deflect By Brady Tkachuk.
5:50 of 3rd period - Shot Misses the Net.
5:52 of 3rd period - Shot by Brandon Carlo.
5:52 of 3rd period - Shot Misses the Net.
5:54 of 3rd period - Shot by Nazem Kadri.
5:54 of 3rd period - Shot Misses the Net.
5:56 of 3rd period - Shot by Nazem Kadri.
5:56 of 3rd period - Shot Blocked by Joel Edmundson.
5:58 of 3rd period - Shot by Alex Tuch.
5:58 of 3rd period - Stopped by Andrei Vasilevskiy without a rebound.
5:59 of 3rd period - Aleksander Barkov wins face-off versus Jack Eichel in SACRAMENTO BANDITS zone.
6:12 of 3rd period - Shot by Jonathan Huberdeau.
6:12 of 3rd period - Shot Misses the Net.
6:18 of 3rd period - Shot by Alexander DeBrincat.
6:18 of 3rd period - Shot Blocked by Ryan Suter.
6:37 of 3rd period - Shot by Jonathan Huberdeau.
6:37 of 3rd period - Shot Blocked by Jack Eichel.
7:01 of 3rd period - Shot by Brock Boeser.
7:01 of 3rd period - Goal by Brock Boeser - SACRAMENTO BANDITS : 2 - BANFF WOLVES : 1.
7:02 of 3rd period - Kyle Turris wins face-off versus Nick Cousins in neutral zone.
7:10 of 3rd period - Icing by Craig Smith.
7:11 of 3rd period - Nick Cousins wins face-off versus Lars Eller in BANFF WOLVES zone.
7:22 of 3rd period - Carter Verhaeghe is hit by Phillip DiGiuseppe and loses puck.
8:10 of 3rd period - Off-side.
8:11 of 3rd period - Aleksander Barkov wins face-off versus Jack Eichel in neutral zone.
8:43 of 3rd period - Shot by Kevin Labanc.
8:43 of 3rd period - Shot Blocked by John Carlson.
8:45 of 3rd period - Shot by Esa Lindell.
8:45 of 3rd period - Shot Misses the Net.
8:59 of 3rd period - Alexander DeBrincat is hit by Kevin Labanc and loses puck.
9:07 of 3rd period - Minor Penalty to Brady Tkachuk for Holding.
9:08 of 3rd period - Lars Eller wins face-off versus Nazem Kadri in BANFF WOLVES zone.
9:16 of 3rd period - Icing by Carter Verhaeghe.
9:17 of 3rd period - Lars Eller wins face-off versus Nazem Kadri in SACRAMENTO BANDITS zone.
9:51 of 3rd period - Shot by Jamie Benn.
9:51 of 3rd period - Shot Misses the Net.
12:03 of 3rd period - Icing by Colton Sissons.
12:04 of 3rd period - Colton Sissons wins face-off versus Nazem Kadri in SACRAMENTO BANDITS zone.
12:17 of 3rd period - Shot by Brady Tkachuk.
12:17 of 3rd period - Stopped by Andrei Vasilevskiy without a rebound.
12:18 of 3rd period - Aleksander Barkov wins face-off versus Tanner Kero in SACRAMENTO BANDITS zone.
12:18 of 3rd period - Aleksander Barkov is hit by Logan O'Connor.
12:21 of 3rd period - John Carlson is hit by Logan O'Connor and loses puck.
12:29 of 3rd period - Aleksander Barkov is hit by Mathew Dumba and loses puck.
12:38 of 3rd period - Shot by Aleksander Barkov.
12:38 of 3rd period - Stopped by Jonathan Quick with a rebound.
12:40 of 3rd period - Shot by John Carlson.
12:40 of 3rd period - Deflect By Aleksander Barkov.
12:40 of 3rd period - Shot Misses the Net.
12:42 of 3rd period - Shot by Alexander DeBrincat.
12:42 of 3rd period - Shot Misses the Net.
12:44 of 3rd period - Shot by Aleksander Barkov.
12:44 of 3rd period - Stopped by Jonathan Quick with a rebound.
12:46 of 3rd period - Shot by Aleksander Barkov.
12:46 of 3rd period - Goal by Aleksander Barkov - SACRAMENTO BANDITS : 3 - BANFF WOLVES : 1.
12:47 of 3rd period - Nazem Kadri wins face-off versus Carter Verhaeghe in neutral zone.
14:02 of 3rd period - Shot by Jack Eichel.
14:02 of 3rd period - Shot Hit the Post.
15:07 of 3rd period - Shot by Brock Boeser.
15:07 of 3rd period - Stopped by Jonathan Quick without a rebound.
15:08 of 3rd period - Tanner Kero wins face-off versus Colton Sissons in BANFF WOLVES zone.
15:30 of 3rd period - Shot by Joel Kiviranta.
15:30 of 3rd period - Stopped by Andrei Vasilevskiy without a rebound.
15:31 of 3rd period - Nazem Kadri wins face-off versus Kyle Turris in SACRAMENTO BANDITS zone.
15:31 of 3rd period - Nazem Kadri is hit by Alexander DeBrincat.
16:04 of 3rd period - Brady Tkachuk is hit by Alexander DeBrincat and loses puck.
16:10 of 3rd period - Minor Penalty to Alexander DeBrincat for Hooking.
16:11 of 3rd period - Nazem Kadri wins face-off versus Carter Verhaeghe in SACRAMENTO BANDITS zone.
17:14 of 3rd period - Shot by Alex Tuch.
17:14 of 3rd period - Shot Misses the Net.
17:16 of 3rd period - Shot by Alex Tuch.
17:16 of 3rd period - Shot Misses the Net.
17:43 of 3rd period - Icing by Mathew Dumba.
17:44 of 3rd period - Jack Eichel wins face-off versus Carter Verhaeghe in BANFF WOLVES zone.
17:51 of 3rd period - Carter Verhaeghe is hit by Brady Tkachuk and loses puck.
17:56 of 3rd period - Shot by Jack Eichel.
17:56 of 3rd period - Goal by Jack Eichel - SACRAMENTO BANDITS : 3 - BANFF WOLVES : 2.
17:57 of 3rd period - Aleksander Barkov wins face-off versus Tanner Kero in neutral zone.
18:18 of 3rd period - Shot by Aleksander Barkov.
18:18 of 3rd period - Shot Misses the Net.
18:20 of 3rd period - Shot by Jonathan Huberdeau.
18:20 of 3rd period - Goal by Jonathan Huberdeau - SACRAMENTO BANDITS : 4 - BANFF WOLVES : 2.
18:21 of 3rd period - Nick Cousins wins face-off versus Kyle Turris in neutral zone.
18:25 of 3rd period - Craig Smith is hit by Filip Hronek and loses puck.
18:42 of 3rd period - Shot by Craig Smith.
18:42 of 3rd period - Shot Blocked by Cal Clutterbuck.
19:01 of 3rd period - Icing by Tom Wilson.
19:02 of 3rd period - Jack Eichel wins face-off versus Kyle Turris in SACRAMENTO BANDITS zone.
19:02 of 3rd period - Double Minor Penalty to Niko Mikkola for Slashing.
19:03 of 3rd period - Jack Eichel wins face-off versus Carter Verhaeghe in SACRAMENTO BANDITS zone.
19:23 of 3rd period - Jack Eichel is hit by Ben Harpur and loses puck.
19:49 of 3rd period - Ben Harpur is hit by Brady Tkachuk and loses puck.
Goals for this period are 3 for SACRAMENTO BANDITS vs 2 for BANFF WOLVES.
Shots for this period are 9 for SACRAMENTO BANDITS vs 6 for BANFF WOLVES.


SCOTT
LAUGHTON
IGOR
SHESTERKIN
ALEX
TUCH

EAST COAST

HOCKEY LEAGUE

  • 9.CHI2QUE6
  • 10.LIM2CHA3
  • 11.LON6TRV4
  • 12.BAL3CHW2
  • 13.MANPIT
  • 14.NHWATL
  • 15.PETWOR
  • 16.RHI